 Dungeon Crawl Stone Soup version 0.17-a0-146-gd505748 (webtiles) character file.

498828 Kaesh the Hoplite (level 23, 0/193 (199) HPs)
             Began as a Minotaur Berserker on Mar 22, 2015.
             Was the Champion of Trog.
             Slain by a deep troll earth mage (17 damage)
             ... on level 2 of the Depths on Mar 25, 2015.
             The game lasted 05:52:43 (69740 turns).

Kaesh the Hoplite (Minotaur Berserker)             Turns: 69740, Time: 05:52:45

HP:   0/193 (199)   AC: 27    Str: 24    XL:     23   Next: 72%
MP:   8/8           EV: 16    Int:  7    God:    Trog [******]
Gold: 5156          SH: 22    Dex: 15    Spells: 0 memorised, 22 levels left

rFire  + + .     SeeInvis .     (no weapon)
rCold  + + .     Clarity  +     y - +0 gold dragon armour
rNeg   + . .     SustAb   .     Y - +5 shield {reflect}
rPois  +         Gourm    .     x - +0 hat {MR+}
rElec  +         Spirit   .     C - +2 cloak {+Inv}
rCorr  .         Warding  .     G - +1 pair of gloves
rMut   .         NoTele   +     P - +1 pair of boots of the Hot Ocelot {-Tele rPois Slay+2}
MR     +++..                    W - amulet of clarity
Stlth  ..........               a - ring "Vemudd" {rElec rPois rF+ rN+ MR+}
                                O - ring of protection from cold

@: very slightly contaminated, hasted, studying Fighting, very quick, extremely
resistant to hostile enchantments, extremely unstealthy
A: retaliatory headbutt, horns 2, deformed body, frail 1
a: Burn Spellbooks, Berserk, Trog's Hand, Brothers in Arms, Renounce Religion,
Evoke Invisibility
}: 3/15 runes: serpentine, barnacled, silver


You were on level 2 of the Depths.
You worshipped Trog.
Trog was exalted by your worship.
You were very hungry.

You visited 8 branches of the dungeon, and saw 47 of its levels.
You also visited: Ice Cave.

You collected 7199 gold pieces.
You spent 2043 gold pieces at shops.

Inventory:

Hand weapons
 g - the +11 dire flail of Winter {drain, Stlth+}
   (Trog gifted it to you on level 7 of the Dungeon)

   A truly terrible weapon, it drains the life of those it strikes.
   It makes you more stealthy.
 B - the +9 mace of Magan {elec, Contam +Blink Str+7}
   (Trog gifted it to you on level 5 of the Vaults)

   Occasionally, upon striking a foe, it will discharge some electrical energy
   and cause terrible harm.
   It affects your strength (+7).
   It lets you blink.
   It causes magical contamination when unequipped.
 K - a +7 demon whip of electrocution
Armour
 q - the +0 pair of gloves of the Old World {rF+ rC+ Int-3 SInv}
   (You bought it in a shop on level 4 of the Orcish Mines)

   It affects your intelligence (-3).
   It protects you from fire.
   It protects you from cold.
   It enhances your eyesight.
 w - the +7 scale mail of the Zebra {MR+}
   (You bought it in a shop on level 4 of the Orcish Mines)

   It affects your resistance to hostile enchantments.
 x - a +0 hat of magic resistance (worn)
 y - a +0 gold dragon armour (worn)
 C - a +2 cloak of invisibility (worn)
 G - a +1 pair of gloves (worn)
 P - the +1 pair of boots of the Hot Ocelot (worn) {-Tele rPois Slay+2}
   (You found it on level 2 of the Depths)

   It affects your accuracy and damage with ranged weapons and melee attacks
   (+2).
   It protects you from poison.
   It prevents most forms of teleportation.
 Y - a +5 shield of reflection (worn)
Jewellery
 a - the ring "Vemudd" (right hand) {rElec rPois rF+ rN+ MR+}
   (You found it on level 6 of the Lair of Beasts)

   [ring of protection from fire]

   It protects you from fire.
   It insulates you from electricity.
   It protects you from poison.
   It protects you from negative energy.
   It affects your resistance to hostile enchantments.
 b - an uncursed ring of see invisible
 u - an uncursed amulet of resist corrosion
 O - a ring of protection from cold (left hand)
 R - the ring of Pluupan {rF+ rN++ Int+4}
   (You found it on level 3 of the Elven Halls)

   [ring of protection from fire]

   It affects your intelligence (+4).
   It protects you from fire.
   It greatly protects you from negative energy.
 W - an amulet of clarity (around neck)
 X - an uncursed ring of sustain abilities
Magical devices
 f - a wand of fireball (5)
 p - a wand of digging (24)
 v - a wand of hasting (0)
Scrolls
 e - 8 scrolls of recharging
 h - 18 scrolls of remove curse
 j - 42 scrolls of identify
 n - 7 scrolls of magic mapping
 r - 18 scrolls of teleportation
 s - 4 scrolls of blinking
 t - a scroll of summoning
 A - 2 scrolls of silence
 E - 2 scrolls of brand weapon
 L - 3 scrolls of enchant armour
 Q - 7 scrolls of enchant weapon
 Z - a scroll of holy word
Potions
 d - 7 potions of restore abilities
 l - 2 potions of cure mutation
 m - a potion of cancellation
 o - 22 potions of curing
 H - 2 potions of heal wounds
 J - 7 potions of invisibility
 S - 3 potions of resistance
 U - 9 potions of might
 V - a potion of haste
Books
 M - a manual of Fighting
Comestibles
 c - 23 bread rations
 z - 17 meat rations
 F - 10 beef jerkies
 I - a slice of pizza
 N - 5 royal jellies
 T - 7 fruits


   Skills:
 + Level 21.8 Fighting
 + Level 21.7 Maces & Flails
 + Level 21.4 Armour
 + Level 20.4 Dodging
 + Level 22.9 Shields


You had 22 spell levels left.
You didn't know any spells.

Dungeon Overview and Level Annotations

Branches:
Dungeon (15/15)            Temple (0/1) D:6            Lair (8/8) D:10
 Shoals (5/5) Lair:3        Snake (5/5) Lair:5        Slime (0/6) Lair:6
    Orc (4/4) D:9             Elf (3/3) Orc:4        Vaults (5/5) D:13
  Crypt (0/3) Vaults:3     Depths (2/5) D:15

Altars:
Kikubaaqudgha
Okawaru
Sif Muna
Trog
Xom
Yredelemnul
The Shining One
Beogh

Shops:
D:6 [   D:11 %   D:13 :   D:15 %   Orc:4 [[[%   Elf:3 [   Shoals:4 (:[:
Snake:5 %   Vaults:3 %   Vaults:5 =

Portals:
Hell: Depths:1 Depths:2
Ziggurat: Depths:1
Trove: D:12 (show abyssal rune of Zot)


Innate Abilities, Weirdness & Mutations

You reflexively headbutt those who attack you in melee.
You have a pair of horns on your head.
Armour fits poorly on your strangely shaped body.
You are frail (-10% HP).


Message History

You hit the deep troll earth mage but do no damage.
Your headbutt misses the deep troll earth mage.
The deep troll earth mage is lightly wounded.
You block the deep troll earth mage's attack.
The deep troll earth mage claws you but does no damage.
You block the deep troll earth mage's attack.
You hit the deep troll earth mage.
The deep troll earth mage is moderately wounded.
The deep troll barely misses you. The deep troll claws you.
* * * LOW HITPOINT WARNING * * *
The deep troll claws you.
* * * LOW HITPOINT WARNING * * *
You block the iron troll's attack. The iron troll misses you.
The iron troll claws you!
* * * LOW HITPOINT WARNING * * *
The deep troll earth mage barely misses you.
You furiously retaliate!
You headbutt the deep troll earth mage!
You block the deep troll earth mage's attack.
The deep troll earth mage claws you!
You die...

.#####............# #[......#..
....##............### #.......#..
.....'........T...'.# #)......#..
###.##............###############
#.##............###............
#.##............#..............
#.###.............#............
###.###......).T†T..#############
#.....#........T@..[# #.......# #
#.###.#........>....# #.......###
#.# #.#.........>)..# #.......##.
..# #.#.............# #.......##.
#.###.#.............# #.......##)
#.....'.............# #.......#.)
#.###.#.............# #.......#))
#.# #.##'#######'##.# #.......#..
..# #.##.# ###.##.# #..|....#..


You could see an iron troll, a deep troll and 2 deep troll earth magi.

Vanquished Creatures
  A caustic shrike (Depths:2)
  3 golden dragons
  Frederick (Vaults:2)
  5 tentacled monstrosities
  Vashnia (Snake:3)
  A lich (Depths:2)
  A titan (Vaults:5)
  2 deep elf blademasters (Elf:3)
  Asterion (Vaults:1)
  The ghost of nataq the Peltast, a mighty FoFi of Cheibriados (Depths:2)
  A large abomination (Vaults:5)
  A deep elf master archer (Elf:3)
  5 sphinxes
  4 krakens
  6 shadow dragons
  3 tengu reavers
  Frances (Snake:2)
  6 fire giants
  Roxanne (Shoals:5)
  3 storm dragons
  Ilsuiw (Shoals:5)
  9 greater nagas
  Donald (Orc:3)
  Maud (Snake:1)
  9 vault wardens
  5 frost giants
  4 war gargoyles
  4 emperor scorpions
  9 deep elf sorcerers
  14 ironheart preservers
  17 very ugly things
  11 stone giants
  5 deep elf annihilators (Elf:3)
  Azrael (D:14)
  6 deep elf demonologists
  A minotaur (Depths:1)
  5 ettins
  6 deep elf death magi
  2 merfolk javelineers (Shoals:5)
  28 vault guards
  7 merfolk impalers
  Josephine (Orc:3)
  8 yaktaur captains
  2 fire dragons
  2 deep elf high priests
  3 spriggan air magi (Depths:2)
  4 ice dragons
  7 great orbs of eyes
  4 rakshasas
  17 naga warriors
  10 hydras
  3 ghost crabs (shapeshifter)
  10 merfolk aquamancers
  An anaconda (shapeshifter) (Depths:2)
  12 anacondas
  3 merfolk avatars
  2 satyrs (Shoals:5)
  An alligator snapping turtle (shapeshifter) (Depths:2)
  5 catoblepae
  9 deep troll shamans
  21 ogre magi
  11 deep troll earth magi
  2 tengu warriors (D:14)
  14 dancing weapons (Elf:2)
  5 centaur warriors
  14 death yaks
  A vampire mage (Vaults:3)
  27 naga sharpshooters
  11 shock serpents
  3 spriggan berserkers
  A fire crab (Lair:7)
  2 salamander mystics
  10 sea snakes
  4 shadow wraiths
  An ice devil (Depths:1)
  2 death drakes (shapeshifter)
  5 skeletal warriors (Vaults:2)
  15 deep elf knights
  An unseen horror (shapeshifter) (Vaults:4)
  A flayed ghost (Vaults:1)
  8 naga ritualists
  A deep troll (shapeshifter) (Elf:1)
  6 hell knights (Depths:2)
  30 deep trolls
  A sea snake (shapeshifter) (D:10)
  A giant orange brain (shapeshifter) (Depths:2)
  13 deep elf summoners
  2 giant orange brains
  6 unseen horrors
  3 ice statues (IceCv)
  An obsidian statue (Depths:2)
  9 hill giants
  Pikel (D:7)
  16 orc knights
  13 deep elf conjurers
  8 necromancers
  30 harpies
  An anubis guard (shapeshifter) (D:13)
  12 ironbrand convokers
  2 wizards (Vaults:1)
  A frost giant zombie (Vaults:2)
  19 griffons
  A mana viper (shapeshifter) (Vaults:4)
  9 fauns
  An iron dragon zombie (Vaults:3)
  3 wolf spiders
  10 salamanders
  9 mana vipers
  17 manticores
  4 hornets
  A fire giant zombie (Vaults:2)
  2 stone giant zombies
  4 phantasmal warriors (Vaults:5)
  25 ugly things
  2 guardian serpents (shapeshifter)
  5 orc sorcerers
  5 guardian serpents
  6 water nymphs
  A spectral centaur (D:14)
  30 black mambas
  7 cyclopes
  A salamander (shapeshifter) (Depths:2)
  2 black mambas (shapeshifter)
  11 sirens
  5 centaur zombies
  Maurice (Orc:2)
  A titan simulacrum (Vaults:3)
  6 elephants
  12 spiny frogs
  17 vault sentinels
  2 kobold demonologists
  A small abomination (Elf:2)
  A torpor snail (Depths:2)
  Psyche (Orc:2)
  3 gargoyles
  36 naga magi
  26 yaktaurs
  7 komodo dragons
  A tengu conjurer (D:15)
  A freezing wraith (Vaults:2)
  2 fire drakes
  9 trolls
  20 deep elf priests
  35 merfolk
  2 polar bears (shapeshifter) (Depths:2)
  Sonja (Shoals:1)
  A queen bee (shapeshifter) (Vaults:3)
  4 polar bears
  A jumping spider (shapeshifter) (Vaults:5)
  A wind drake (shapeshifter) (Vaults:1)
  A baby alligator (shapeshifter) (D:14)
  9 blink frogs
  A stone giant simulacrum (Vaults:2)
  A raiju (shapeshifter) (Depths:2)
  43 two-headed ogres
  5 ravens
  7 slime creatures
  4 wind drakes
  3 basilisks
  8 boulder beetles
  The ghost of Pikaro the Conjurer, an average HEFE (D:4)
  11 snapping turtles
  A fire giant simulacrum (Vaults:2)
  A tarantella (shapeshifter) (Depths:2)
  2 wyverns
  2 yaks (shapeshifter)
  A basilisk (shapeshifter) (Depths:2)
  3 vampires (Vaults:3)
  59 yaks
  A centaur simulacrum (D:15)
  28 deep elf magi
  2 redbacks
  A trapdoor spider (D:15)
  8 air elementals (Depths:2)
  A spriggan (shapeshifter) (Vaults:4)
  2 fire elementals (D:14)
  An ettin skeleton (Vaults:2)
  18 water elementals
  6 wraiths
  Eustachio (D:7)
  18 hippogriffs
  43 deep elf fighters
  Grum (Orc:2)
  A hog (shapeshifter) (Depths:2)
  3 hungry ghosts
  3 tarantellas
  63 nagas
  11 wolves
  14 wargs
  2 swamp worms (Lair:5)
  23 vampire mosquitoes
  A warg (shapeshifter) (Depths:2)
  4 mottled dragons
  3 hippogriffs (shapeshifter)
  A soldier ant (D:13)
  21 water moccasins
  A black bear (D:11)
  10 porcupines
  A wasp (D:12)
  3 phantoms
  5 hell hounds (D:14)
  A wasp (shapeshifter) (D:15)
  12 ice beasts
  A black bear (shapeshifter) (Vaults:5)
  A slave (D:7)
  2 ettin simulacra
  A necrophage (D:11)
  33 orc warriors
  An orc zombie (Vaults:1)
  An eye of draining (D:14)
  4 sky beasts
  A centaur (shapeshifter) (Vaults:5)
  A boggart (shapeshifter) (D:13)
  10 crocodiles
  2 human skeletons (Vaults:2)
  81 ogres
  4 boggarts
  Sigmund (D:5)
  Duvessa (D:7)
  A vampire mosquito zombie (Vaults:2)
  4 centaurs
  A brain worm (shapeshifter) (Depths:2)
  18 giant frogs
  A wyvern zombie (D:14)
  A gnoll sergeant (D:12)
  5 scorpions
  3 killer bees (D:7)
  A boulder beetle zombie (Vaults:2)
  5 electric eels
  8 wights (D:6)
  An elf skeleton (Vaults:1)
  2 spriggan skeletons (D:9)
  A naga skeleton (D:15)
  7 jellies
  Dowan (D:7)
  8 crimson imps
  A giant frog zombie (D:6)
  4 lava snakes (Snake:4)
  34 orc priests
  3 goliath beetles
  23 hounds
  7 centaur skeletons
  2 giant frog skeletons
  10 iguanas
  37 orc wizards
  Natasha (thrice) (D:5)
  4 hell rats (Elf:1)
  7 worker ants
  20 sheep
  A mummy (D:13)
  A worker ant zombie (D:7)
  3 hound skeletons
  36 adders
  13 gnolls
  76 river rats
  6 shadow imps
  4 worms
  A white imp (Depths:2)
  An adder zombie (D:7)
  An adder skeleton (D:4)
  2 giant geckos
  4 oozes
  202 orcs
  4 ball pythons
  17 bats
  3 bat skeletons
  4 giant cockroaches
  14 hobgoblins
  15 jackals
  8 quokkas
  6 giant newts
  21 goblins
  A jackal zombie (D:6)
  11 kobolds
  A quokka skeleton (D:4)
  11 rats
  7 ballistomycetes
  2 fungi
  3 plants
  19 tentacles
  A tentacle segment (Shoals:5)
2330 creatures vanquished.

Vanquished Creatures (others)
  A vault warden (Vaults:1)
  3 deep elf master archers (Elf:3)
  A war gargoyle (Vaults:1)
  A merfolk javelineer (Shoals:5)
  An ironbrand convoker (Vaults:1)
  A yaktaur captain (Vaults:5)
  A naga warrior (Snake:5)
  Nessos (D:13)
  A centaur warrior (Vaults:2)
  A naga sharpshooter (Snake:4)
  A cyclops (shapeshifter) (Vaults:1)
  A cyclops (Shoals:5)
  5 drowned souls
  7 yaktaurs
  A red devil (Elf:3)
  A queen bee (shapeshifter) (Vaults:1)
  A raiju (shapeshifter) (D:13)
  A wraith (Vaults:1)
  A deep elf fighter (Elf:1)
  A naga (Snake:5)
  A slave (D:7)
  An ice beast (IceCv)
  2 ogres
  2 centaurs (Vaults:2)
  An orc wizard (Vaults:2)
  5 giant spores
  A kobold (D:7)
  7 fungi
  8 plants (Shoals:5)
  25 tentacles
  2511 tentacle segments
2596 creatures vanquished.

Grand Total: 4926 creatures vanquished

Notes
Turn   | Place    | Note
--------------------------------------------------------------
     0 | D:1      | Kaesh, the Minotaur Berserker, began the quest for the Orb.
     0 | D:1      | Reached XP level 1. HP: 19/19 MP: 1/1
   119 | D:1      | Reached skill level 4 in Maces & Flails
   119 | D:1      | Reached XP level 2. HP: 22/27 MP: 1/1
   132 | D:1      | Acquired Trog's second power
   404 | D:2      | Reached XP level 3. HP: 33/33 MP: 2/2
   800 | D:3      | Reached XP level 4. HP: 31/41 MP: 2/2
  1213 | D:3      | Noticed an ogre
  1218 | D:3      | Killed an ogre
  1218 | D:3      | Reached skill level 5 in Maces & Flails
  1218 | D:3      | Reached XP level 5. HP: 47/47 MP: 2/2
  1593 | D:4      | Reached skill level 5 in Fighting
  1628 | D:4      | Noticed an ogre
  1636 | D:4      | Killed an ogre
  1636 | D:4      | Reached XP level 6. HP: 43/56 MP: 3/3
  1761 | D:4      | Noticed Pikaro's ghost (average HEFE)
  1770 | D:4      | Killed Pikaro's ghost
  1904 | D:4      | Reached skill level 6 in Maces & Flails
  1904 | D:4      | Reached XP level 7. HP: 42/62 MP: 3/3
  2089 | D:4      | Acquired Trog's third power
  2423 | D:4      | Reached skill level 5 in Armour
  2818 | D:4      | Reached skill level 5 in Dodging
  3167 | D:5      | Entered Level 5 of the Dungeon
  3185 | D:5      | Noticed Sigmund
  3196 | D:5      | Killed Sigmund
  3241 | D:5      | Noticed Natasha
  3245 | D:5      | Killed Natasha
  3292 | D:5      | Noticed Natasha
  3295 | D:5      | Killed Natasha
  3316 | D:5      | Reached XP level 8. HP: 63/71 MP: 3/3
  3393 | D:5      | Reached skill level 7 in Maces & Flails
  3463 | D:5      | Noticed Natasha
  3470 | D:5      | Killed Natasha
  4361 | D:6      | Found a staircase to the Ecumenical Temple.
  4518 | D:6      | Found Thrasig's Antique Armour Shop.
  4539 | D:6      | Reached skill level 8 in Maces & Flails
  4575 | D:6      | Bought a runed cloak for 99 gold pieces
  4575 | D:6      | Bought a crude chain mail for 209 gold pieces
  4590 | D:6      | Identified the +3 chain mail of Forking Paths {rF++ SInv} (You bought it in a shop on level 6 of the Dungeon)
  4664 | D:6      | Reached XP level 9. HP: 76/81 MP: 4/4
  5143 | D:7      | Noticed Eustachio
  5153 | D:7      | Killed Eustachio
  5215 | D:7      | Upgraded the game from 0.17-a0-121-gf94917f to 0.17-a0-125-g34d91a1
  5323 | D:7      | Noticed Pikel
  5338 | D:7      | Killed Pikel
  5366 | D:7      | Reached skill level 9 in Maces & Flails
  5818 | D:7      | Noticed Duvessa
  5818 | D:7      | Noticed Dowan
  5828 | D:7      | Killed Duvessa
  5832 | D:7      | Killed Dowan
  5897 | D:7      | Got a faintly glowing golden ring
  5900 | D:7      | Lost intelligence.
  5900 | D:7      | Identified the cursed ring "Prane Lomigh" {+Blink MP+9 Str+5 Int-4 Stlth-} (You found it on level 7 of the Dungeon)
  5979 | D:7      | Reached skill level 10 in Fighting
  5979 | D:7      | Reached skill level 10 in Maces & Flails
  5979 | D:7      | Reached skill level 10 in Armour
  5979 | D:7      | Reached XP level 10. HP: 90/94 MP: 4/4
  6098 | D:7      | Received a gift from Trog
  6110 | D:7      | Got a transparent dire flail {god gift}
  6113 | D:7      | Identified the +11 dire flail of Winter {drain, Stlth+} (Trog gifted it to you on level 7 of the Dungeon)
  6508 | D:8      | Reached skill level 10 in Dodging
  6622 | D:8      | Reached skill level 11 in Maces & Flails
  7287 | D:9      | Reached XP level 11. HP: 97/101 MP: 4/4
  7290 | D:9      | Found a runed door.
  7290 | D:9      | Noticed an unseen horror
  7306 | D:9      | Killed an unseen horror
  7441 | D:9      | Found an iron altar of Okawaru.
  7538 | D:9      | Found a deep blue altar of Sif Muna.
  7576 | D:9      | Found a roughly hewn altar of Beogh.
  7642 | D:9      | Found a staircase to the Orcish Mines.
  7774 | D:9      | Received a gift from Trog
  8225 | D:10     | Entered Level 10 of the Dungeon
  8353 | D:10     | Found a staircase to the Lair.
  8369 | Lair:1   | Entered Level 1 of the Lair of Beasts
  9354 | Lair:2   | Reached skill level 12 in Maces & Flails
  9451 | Lair:2   | Noticed a five-headed hydra
  9457 | Lair:2   | Killed a five-headed hydra
  9700 | Lair:2   | Found a basalt altar of Yredelemnul.
  9914 | Lair:3   | Received a gift from Trog
  9927 | Lair:3   | Reached XP level 12. HP: 112/112 MP: 5/5
 10014 | Lair:3   | Found a staircase to the Shoals.
 10585 | Lair:3   | Noticed a catoblepas
 10609 | Lair:3   | Killed a catoblepas
 11059 | Lair:4   | Received a gift from Trog
 11492 | Lair:4   | Noticed a four-headed hydra
 11499 | Lair:4   | Killed a four-headed hydra
 11499 | Lair:4   | Reached skill level 1 in Shields
 11504 | Lair:4   | Reached skill level 13 in Fighting
 11511 | Lair:4   | Gained mutation: You are frail (-10% HP). [potion of mutation]
 11511 | Lair:4   | Gained mutation: Your magical capacity is low (-10% MP). [potion of mutation]
 11651 | Lair:4   | Noticed a four-headed hydra
 11658 | Lair:4   | Killed a four-headed hydra
 11887 | Lair:5   | Noticed a six-headed hydra
 11894 | Lair:5   | Killed a six-headed hydra
 12050 | Lair:5   | Found a staircase to the Snake Pit.
 12058 | Lair:5   | Reached XP level 13. HP: 88/109 MP: 4/4
 12087 | Lair:5   | Received a gift from Trog
 12276 | Lair:5   | Found an ancient bone altar of Kikubaaqudgha.
 12529 | Lair:6   | Found a staircase to the Slime Pits.
 12797 | Lair:6   | Got a coiled tin ring
 12799 | Lair:6   | Identified the ring "Vemudd" {rElec rPois rF+ rN+ MR+} (You found it on level 6 of the Lair of Beasts)
 13091 | Lair:6   | Received a gift from Trog
 13267 | Lair:6   | Got a distressingly furry robe
 13278 | Lair:6   | Identified the +1 robe of Peek-a-Boo {rF+ MR- MP+9 Stlth-} (You found it on level 6 of the Lair of Beasts)
 14076 | Lair:7   | Reached skill level 5 in Shields
 14495 | Lair:7   | Reached skill level 14 in Fighting
 14982 | Lair:8   | Entered Level 8 of the Lair of Beasts
 15855 | Lair:8   | Received a gift from Trog
 16313 | Lair:8   | Reached XP level 14. HP: 45/119 MP: 4/4
 17446 | Orc:1    | Entered Level 1 of the Orcish Mines
 17760 | Orc:2    | Noticed Grum
 17774 | Orc:2    | Killed Grum
 17799 | Orc:2    | Received a gift from Trog
 17927 | Orc:2    | Noticed Psyche
 17931 | Orc:2    | Killed Psyche
 17995 | Orc:2    | Found a shimmering altar of Xom.
 18028 | Orc:2    | Noticed Maurice
 18036 | Orc:2    | Killed Maurice
 18322 | Orc:3    | Noticed Josephine
 18331 | Orc:3    | Noticed Donald
 18331 | Orc:3    | Killed Josephine
 18352 | Orc:3    | Killed Donald
 18419 | Orc:3    | Found a frozen archway.
 18437 | IceCv    | Entered an ice cave
 18575 | IceCv    | Reached skill level 15 in Fighting
 18895 | Orc:3    | Received a gift from Trog
 19789 | Orc:4    | Entered Level 4 of the Orcish Mines
 20330 | Orc:4    | Reached skill level 15 in Maces & Flails
 20339 | Orc:4    | Found Beerphoa's Antique Armour Boutique.
 20361 | Orc:4    | Received a gift from Trog
 20363 | Orc:4    | Found Qucvoifa's Armour Shop.
 20394 | Orc:4    | Found Grul's Armour Shoppe.
 20395 | Orc:4    | Found Sefre's Food Shop.
 20420 | Orc:4    | Found a staircase to the Elven Halls.
 20779 | Orc:4    | Bought a black opal-studded plate armour for 868 gold pieces
 20779 | Orc:4    | Bought a pair of scorched gloves for 294 gold pieces
 20779 | Orc:4    | Bought a faintly glowing shield for 294 gold pieces
 20789 | Orc:4    | Identified the +6 plate armour "Rupruetz" {rElec rC- Regen+} (You bought it in a shop on level 4 of the Orcish Mines)
 20799 | Orc:4    | Identified the +0 pair of gloves of the Old World {rF+ rC+ Int-3 SInv} (You bought it in a shop on level 4 of the Orcish Mines)
 20832 | Orc:4    | Identified the +0 shield of Clip {rPois Str+2 Dex+4} (You bought it in a shop on level 4 of the Orcish Mines)
 20842 | Orc:4    | Identified a +2 rod of inaccuracy (11/11) (You found it on level 8 of the Lair of Beasts)
 20874 | Orc:4    | Bought an ichor-stained scale mail for 279 gold pieces
 20884 | Orc:4    | Identified the +7 scale mail of the Zebra {MR+} (You bought it in a shop on level 4 of the Orcish Mines)
 21129 | Snake:1  | Entered Level 1 of the Snake Pit
 21235 | Snake:1  | Reached XP level 15. HP: 98/126 MP: 1/5
 21336 | Snake:1  | Noticed Maud
 21353 | Snake:1  | Killed Maud
 21353 | Snake:1  | Reached skill level 15 in Armour
 22887 | Snake:2  | Noticed Frances
 22899 | Snake:2  | Killed Frances
 23717 | Snake:3  | Received a gift from Trog
 23926 | Snake:3  | Reached skill level 10 in Shields
 24297 | Snake:3  | Reached skill level 16 in Fighting
 24341 | Snake:3  | Noticed Vashnia
 24406 | Snake:3  | Killed Vashnia
 24972 | Snake:3  | Reached skill level 15 in Dodging
 25947 | Snake:4  | Reached XP level 16. HP: 87/135 MP: 1/5
 25949 | Snake:4  | Received a gift from Trog
 27460 | Snake:5  | Entered Level 5 of the Snake Pit
 27675 | Snake:5  | Reached skill level 15 in Shields
 27724 | Snake:5  | Received a gift from Trog
 28174 | Snake:5  | Reached skill level 17 in Shields
 28675 | Snake:5  | Reached XP level 17. HP: 128/142 MP: 1/5
 28951 | Snake:5  | Received a gift from Trog
 29260 | Snake:5  | Found Eduos' Food Shoppe.
 29477 | Snake:5  | Reached skill level 18 in Shields
 30007 | Snake:5  | Received a gift from Trog
 30336 | Snake:5  | Got a serpentine rune of Zot
 30370 | Snake:5  | Upgraded the game from 0.17-a0-125-g34d91a1 to 0.17-a0-129-g9432df0
 31012 | D:10     | Noticed a hill giant
 31019 | D:10     | Killed a hill giant
 31720 | D:10     | Found a runed door.
 31720 | D:10     | Noticed an unseen horror
 31730 | D:10     | Killed an unseen horror
 32009 | D:10     | Noticed an unseen horror
 32014 | D:10     | Killed an unseen horror
 32019 | D:10     | Noticed a hill giant
 32023 | D:10     | Killed a hill giant
 32029 | D:10     | Noticed a sea snake
 32032 | D:10     | a sea snake changed into a slime creature
 32146 | D:11     | Received a gift from Trog
 32151 | D:11     | Identified a scroll of acquirement
 32442 | D:11     | Identified a +0 rod of destruction (10/10) (You found it on level 1 of the Snake Pit)
 32564 | D:11     | Found Zedoxiv's Food Shoppe.
 32826 | D:12     | Found a bloodstained altar of Trog.
 33412 | D:12     | Found a portal to a secret trove of treasure.
 33901 | D:13     | Found Laaw's Book Shoppe.
 34362 | D:13     | Found a gate to the Vaults.
 35014 | D:13     | Received a gift from Trog
 35272 | D:13     | Noticed Nessos
 35284 | D:13     | Killed Nessos
 35819 | D:14     | Noticed Azrael
 35841 | D:14     | Killed Azrael
 36456 | D:14     | Found a glowing golden altar of the Shining One.
 36676 | D:15     | Entered Level 15 of the Dungeon
 36788 | D:15     | Found Omaham's Food Boutique.
 36950 | D:15     | Got a crude large shield
 36961 | D:15     | Identified the +0 large shield of the Guilds {rC+} (You acquired it on level 15 of the Dungeon)
 37326 | D:15     | Received a gift from Trog
 37326 | D:15     | Reached skill level 19 in Shields
 37683 | D:15     | Found a staircase to the Depths.
 38061 | Depths:1 | Entered Level 1 of the Depths
 38163 | Depths:1 | Found an iron altar of Okawaru.
 38493 | Depths:1 | Found a gateway to Hell.
 38505 | Depths:1 | Reached XP level 18. HP: 110/146 MP: 6/6
 39258 | Depths:1 | Found a gateway to a ziggurat.
 39755 | Depths:2 | Received a gift from Trog
 40534 | Lair:5   | You fall through a shaft!
 40774 | Shoals:1 | Entered Level 1 of the Shoals
 40877 | Shoals:1 | Noticed Sonja
 40901 | Shoals:1 | Killed Sonja
 41498 | Shoals:1 | Received a gift from Trog
 42848 | Shoals:3 | Received a gift from Trog
 42851 | Shoals:3 | Got a transparent mace {god gift}
 42869 | Shoals:3 | Identified the +7 mace "Ycvulil" {vamp, +Rage rElec rC+ Str-4} (Trog gifted it to you on level 3 of the Shoals)
 43239 | Shoals:4 | Found Graruah's Weapon Boutique.
 43703 | Shoals:4 | Found Zigeiw's Armour Shop.
 44102 | Shoals:4 | Found Shruidyeg's Book Shoppe.
 44383 | Shoals:4 | Found Beytohio's Book Emporium.
 44498 | Shoals:5 | Entered Level 5 of the Shoals
 44514 | Shoals:5 | Noticed Ilsuiw
 44599 | Shoals:5 | Killed Ilsuiw
 45485 | Shoals:5 | Received a gift from Trog
 45607 | Shoals:5 | Reached XP level 19. HP: 51/155 MP: 2/6
 47184 | Shoals:5 | Received a gift from Trog
 47755 | Shoals:5 | Lost mutation: Your magical capacity is low (-10% MP). [potion of cure mutation]
 47837 | Shoals:5 | Noticed Roxanne
 47865 | Shoals:5 | Killed Roxanne
 47865 | Shoals:5 | Reached skill level 20 in Shields
 47922 | Shoals:5 | Got a brightly glowing platinum ring
 47933 | Shoals:5 | Identified the cursed ring "Phiedij" {rElec MP+9 Slay-2} (You found it on level 5 of the Shoals)
 48111 | Shoals:5 | Got a barnacled rune of Zot
 48430 | Elf:1    | Entered Level 1 of the Elven Halls
 49285 | Elf:1    | Received a gift from Trog
 49974 | Elf:2    | Received a gift from Trog
 50157 | Elf:2    | Found a huge runed gate.
 50157 | Elf:2    | Found a huge runed gate.
 50158 | Elf:2    | Found a huge runed gate.
 50158 | Elf:2    | Found a huge runed gate.
 50159 | Elf:2    | Found a huge runed gate.
 50722 | Elf:3    | Entered Level 3 of the Elven Halls
 50841 | Elf:3    | Found Ywooh's Armour Boutique.
 51118 | Elf:3    | Reached XP level 20. HP: 89/165 MP: 2/7
 51422 | Elf:3    | Received a gift from Trog
 52032 | Elf:3    | Got a twitching steel ring
 52034 | Elf:3    | Identified the ring of Pluupan {rF+ rN++ Int+4} (You found it on level 3 of the Elven Halls)
 52765 | Vaults:1 | Entered Level 1 of the Vaults
 52878 | Vaults:1 | Received a gift from Trog
 53358 | Vaults:1 | Noticed Asterion
 53387 | Vaults:1 | Killed Asterion
 54679 | Vaults:1 | Received a gift from Trog
 55961 | Vaults:2 | Noticed Frederick
 55970 | Vaults:2 | Killed Frederick
 55970 | Vaults:2 | Reached skill level 21 in Shields
 56016 | Vaults:2 | Received a gift from Trog
 56533 | Vaults:2 | Reached XP level 21. HP: 148/173 MP: 2/8
 57486 | Vaults:3 | Received a gift from Trog
 58276 | Vaults:3 | Found Cluokh Oheg's Food Boutique.
 58449 | Vaults:3 | Received a gift from Trog
 58467 | Vaults:3 | Found a staircase to the Crypt.
 59680 | Vaults:4 | Received a gift from Trog
 60486 | Vaults:4 | Received a gift from Trog
 60825 | Vaults:5 | Entered Level 5 of the Vaults
 61658 | Vaults:4 | Reached XP level 22. HP: 153/182 MP: 8/8
 61668 | Vaults:4 | Received a gift from Trog
 62619 | Vaults:5 | Reached skill level 22 in Shields
 62649 | Vaults:4 | Received a gift from Trog
 64569 | Vaults:5 | Received a gift from Trog
 65001 | Vaults:5 | Found Ryolyl's Jewellery Shop.
 65643 | Vaults:5 | Got a silver rune of Zot
 65754 | Vaults:5 | Reached XP level 23. HP: 184/192 MP: 8/8
 65925 | Vaults:5 | Received a gift from Trog
 65930 | Vaults:5 | Got an encrusted mace {god gift}
 65931 | Vaults:5 | Identified the +9 mace of Magan {elec, Contam +Blink Str+7} (Trog gifted it to you on level 5 of the Vaults)
 66077 | Vaults:5 | Upgraded the game from 0.17-a0-129-g9432df0 to 0.17-a0-146-gd505748
 66822 | Depths:2 | Noticed nataq's ghost (mighty FoFi)
 66839 | Depths:2 | Killed nataq's ghost
 66923 | Depths:2 | Noticed a caustic shrike
 66943 | Depths:2 | Killed a caustic shrike
 67661 | Depths:2 | Received a gift from Trog
 67739 | Depths:2 | Gained mutation: Armour fits poorly on your strangely shaped body. [mutagenic glow]
 68205 | Depths:2 | Noticed a golden dragon
 68237 | Depths:2 | Killed a golden dragon
 68572 | Depths:2 | Got a pair of steaming boots
 68583 | Depths:2 | Identified the +1 pair of boots of the Hot Ocelot {-Tele rPois Slay+2} (You found it on level 2 of the Depths)
 69177 | Depths:2 | Got an uncursed translucent flail {drain}
 69235 | Depths:2 | Identified the +1 flail of Pogiyrhiosi {drain, rElec rN+ Str-3 Int+3} (You took it off a yaktaur on level 2 of the Depths)
 69740 | Depths:2 | Slain by a deep troll earth mage

Action                   |  1- 3 |  4- 6 |  7- 9 | 10-12 | 13-15 | 16-18 | 19-21 | 22-24 || total
-------------------------+-------+-------+-------+-------+-------+-------+-------+-------++-------
Melee: Mace              |    80 |    67 |   167 |       |       |       |       |   238 ||   552
       Morningstar       |       |       |   119 |       |       |       |       |       ||   119
       Dire flail        |       |       |       |   495 |   920 |       |       |       ||  1415
       Whip              |       |       |       |     9 |    45 |       |       |       ||    54
       Eveningstar       |       |       |       |       |   494 |  1300 |       |       ||  1794
       Flail             |       |       |       |       |       |   312 |       |       ||   312
       Unarmed           |       |       |       |       |       |   202 |       |    82 ||   284
       Demon whip        |       |       |       |       |       |   916 |  2903 |  1000 ||  4819
Invok: Berserk           |       |     2 |     4 |     3 |     6 |    11 |     7 |     8 ||    41
       Trog's Hand       |       |       |       |       |       |     4 |       |       ||     4
Evoke: Wand              |       |       |       |     2 |       |     1 |     1 |     2 ||     6
  Use: Potion            |       |       |     5 |     7 |     3 |     8 |     3 |     2 ||    28
       Scroll            |       |       |       |     3 |    14 |    15 |     5 |     4 ||    41
 Stab: Sleeping          |       |       |     1 |       |       |       |       |       ||     1
       Petrifying        |       |       |       |       |     2 |       |       |       ||     2
       Held in net/web   |       |       |       |       |       |     1 |       |       ||     1
       Distracted        |       |       |       |       |       |       |     1 |     1 ||     2
  Eat: Chunk             |       |     5 |    12 |    34 |    54 |    59 |    38 |    27 ||   229
       Fruit             |       |     1 |       |       |       |    11 |    16 |       ||    28
       Meat ration       |       |       |     1 |       |       |       |       |       ||     1
       Pizza             |       |       |       |     1 |       |       |     5 |       ||     6
       Royal jelly       |       |       |       |       |       |     1 |       |     1 ||     2
       Bread ration      |       |       |       |       |       |     1 |       |     1 ||     2
